AoeStats
← Infadel

Arabia

510251242Analyzed
1v1 RM · 1d ago on Sep 30, 2026· 18m 0s· 2 players
Game mode
Random Map
Map size
Tiny (2 player)
Population
200
Speed
Normal
Resources
Standard
Victory
Conquest
Starting age
Dark Age
Ending age
Imperial Age
RankedLock teamsTeams togetherTeam positionsShared explorationLock speedFull tech treeHidden civsTurbo modeCheats
Victory
Defeat
🇲🇽 Britons · Mexico
1085
+16
🇮🇳 Burgundians · India
1093
-16
Inge
7:25 Loom
10:36 Feudal Age
11:11 Double-Bit Axe
11:48 Horse Collar
14:42 Fletching
15:54 Padded Archer Armor
Infadel
5:57 Double-Bit Axe
9:04 Wheelbarrow
10:04 Feudal Age
8:22 Loom
8:56 Horse Collar
13:05 Bow Saw
15:40 Forging
15:36 Scale Barding Armor
Connection lost

Rejoining the realm…

Still unreachable

The connection could not be restored.

Session expired

The server has moved on; the page needs a fresh start.